 Dungeon Crawl Stone Soup version 0.31-a0-210-gccc998df9b (webtiles) character file.

Game seed: 7102564454044155464

103 qw the Shooter (level 4, -2/26 HPs)
             Began as a Gargoyle Hexslinger on June 29, 2023.
             Slain by an orc
             ... wielding a +0 flail
              (7 damage)
             ... on level 3 of the Dungeon.
             The game lasted 00:00:50 (2077 turns).

qw the Shooter (Gargoyle Hexslinger)                Turns: 2077, Time: 00:00:50

Health: -2/26      AC:  8    Str: 12    XL:     4   Next: 79%
Magic:  5/5        EV: 10    Int: 13    God:
Gold:   75         SH:  0    Dex: 14    Spells: 4/5 levels left

rFire   . . .        Y - +1 sling
rCold   . . .        (no shield)
rNeg    + + .        l - +0 ring mail
rPois   inf          (no helmet)
rElec   +            (no cloak)
rCorr   .            (no gloves)
SInv    .            (no boots)
Will    .....        (no amulet)
Stlth   +            j - ring of positive energy
HPRegen 0.24/turn    (no ring)
MPRegen 0.09/turn

%: no passive effects
@: no status effects
A: sickness immunity, AC +3, negative energy resistance 1, electricity
resistance, torment resistance 1, petrification resistance
a: no special abilities


You were on level 3 of the Dungeon.
You visited 1 branch of the dungeon, and saw 3 of its levels.

You collected 135 gold pieces.
You spent 60 gold pieces at shops.


Innate Abilities, Weirdness & Mutations

You are immune to sickness and miasma.
Your stone body is resilient. (AC +3)
You are immune to poison.
You resist negative energy. (rN+)
You are resistant to electric shocks. (rElec)
You are resistant to unholy torment.
You are immune to petrification.


   Skills:
 - Level 2.0 Fighting
 + Level 4.1 Ranged Weapons
 - Level 1.6 Armour
 - Level 1.5 Dodging
 - Level 1.0 Spellcasting
 - Level 2.6 Hexes


You had 4 spell levels left.
You knew the following spells:

 Your Spells              Type           Power      Damage    Failure   Level
a - Slow                  Hex            28%        N/A       21%         1

Your spell library contained the following spells:

 Spells                   Type           Power      Damage    Failure   Level
 Inner Flame              Hex/Fire       4%         N/A       71%         3
 Portal Projectile        Hex/Tloc       8%         N/A       71%         3
 Cause Fear               Hex            3%         N/A       90%         4

Inventory:

Hand Weapons
 Y - a +1 sling (weapon)
Armour
 l - a +0 ring mail (worn)
Jewellery
 e - a ring of protection from fire
 j - a ring of positive energy (left hand)
Scrolls
 a - a scroll of enchant weapon {unknown}
 b - 2 scrolls of blinking {unknown}
 d - a scroll of identify
 g - a scroll of fear {unknown}
 h - 4 scrolls of teleportation
Potions
 c - 2 potions of ambrosia {unknown}
 f - a potion of cancellation

Dungeon Overview and Level Annotations

Branches:
Dungeon (3/15)

Altars:
Zin

Shops:
D:1 *:?


Message History

The orc hits you but does no damage. The hobgoblin barely misses you.
The orc closely misses you.
You shoot a sling bullet.
The sling bullet hits the orc priest but does no damage.
Something hits you but does no damage. The orc barely misses you.
The hobgoblin hits you but does no damage.
The orc hits you with a +0 flail. The orc priest hits you with a +0 club.
The hobgoblin closely misses you.
The orc priest hits you but does no damage.
Something completely misses you. The orc closely misses you.
The orc barely misses you.
You shoot a sling bullet. The sling bullet hits the orc priest.
The orc priest is lightly wounded.
Something hits you but does no damage.
The orc priest hits you but does no damage.
The orc hits you but does no damage. The hobgoblin barely misses you.
The orc closely misses you.
You shoot a sling bullet. The sling bullet hits the orc priest.
The orc priest is moderately wounded.
Something hits you but does no damage. The orc priest barely misses you.
The orc barely misses you.
The hobgoblin hits you but does no damage.
The orc hits you with a +0 flail.
You shoot a sling bullet. The sling bullet hits the orc priest.
The orc priest is severely wounded.
You hear some strange, mumbled words.
A magic dart appears from out of thin air!
The magic dart hits you but does no damage.
The orc priest hits you with a +0 club. The orc closely misses you.
The hobgoblin closely misses you. The orc closely misses you.
The hobgoblin barely misses you. The orc hits you but does no damage.
The orc priest barely misses you. Something hits you but does no damage.
The orc misses you.
You shoot a sling bullet. The sling bullet hits the orc priest!
You kill the orc priest!
You hear some strange, mumbled words.
A magic dart appears from out of thin air!
The magic dart hits you. The orc hits you with a +0 club.
The hobgoblin closely misses you. The orc hits you with a +0 flail!
You die...

#.#.....#
#######
#.#)....#
#.#'#####
#.####.....#
#..........#
#######....#
..#####....####
....<.o........
......)@.......
......{go......
...............
.......#.......
....... .......
....### .......
.... .......
#.. (.....>


You could see 2 orcs and a hobgoblin.

Vanquished Creatures
  An orc priest (D:3)
  A sleepcap (D:3)
  An adder (D:2)
  3 worms
  2 orcs
  8 bats
  6 endoplasms
  5 giant cockroaches
  7 goblins
  2 hobgoblins (D:1)
  6 kobolds
  2 quokkas (D:1)
  3 ball pythons
  2 frilled lizards (D:2)
  3 rats
52 creatures vanquished.

Notes
Turn   | Place    | Note
-------+----------+-------------------------------------------
     0 | D:1      | qw the Gargoyle Hexslinger began the quest for the Orb.
     0 | D:1      | Reached XP level 1. HP: 12/12 MP: 2/2
     0 | D:1      | 0 ||| qw: Version: 0.3-a-24-ga2abf7b
     0 | D:1      | 0 ||| qw: Game counter: 7047
     0 | D:1      | 0 ||| qw: Melee chars always use a shield: true
     0 | D:1      | 0 ||| qw: God list: Okawaru
     0 | D:1      | 0 ||| qw: Allow faded altars: false
     0 | D:1      | 0 ||| qw: Do Orc after clearing Dungeon:15 true
     0 | D:1      | 0 ||| qw: Do second Lair branch before Depths: true
     0 | D:1      | 0 ||| qw: Lair rune preference: random
     0 | D:1      | 0 ||| qw: Goals: Normal
     0 | D:1      | 0 ||| PLANNING D:1-11
   108 | D:1      | Reached XP level 2. HP: 16/16 MP: 3/3
   192 | D:1      | Found Mutzour's Magic Scroll Shoppe.
   195 | D:1      | 195 ||| SHOPLISTING 3 scrolls of teleportation (108 gold,
                  | have 60).
   195 | D:1      | 195 ||| SHOPLISTING scroll of enchant weapon (90 gold, have
                  | 60).
   195 | D:1      | 195 ||| BUYING scroll of identify (24 gold).
   195 | D:1      | Bought a scroll of identify for 24 gold pieces
   195 | D:1      | 195 ||| BUYING scroll of teleportation (36 gold).
   195 | D:1      | Bought a scroll of teleportation for 36 gold pieces
   267 | D:1      | Found Veweivo's Assorted Antiques.
   274 | D:1      | 274 ||| SHOPLISTING scroll labelled NOICIL XUMIHIGUR (20
                  | gold, have 0).
   274 | D:1      | 274 ||| SHOPLISTING scroll labelled ROSIYGRAFO (20 gold,
                  | have 0).
   274 | D:1      | 274 ||| SHOPLISTING scroll labelled URAOFYD SATALY (20
                  | gold, have 0).
   274 | D:1      | 274 ||| SHOPLISTING scroll of identify (40 gold, have 0).
   274 | D:1      | 274 ||| SHOPLISTING smoky ruby potion (18 gold, have 0).
   368 | D:1      | Reached skill level 3 in Ranged Weapons
   415 | D:1      | Found Capp's Book Emporium.
   415 | D:1      | Noticed a walking earthen tome
   417 | D:1      | Noticed a walking divine tome
   624 | D:1      | 624 ||| UPGRADING to +0 leather armour.
   634 | D:1      | 634 ||| DROPPING +0 robe.
   635 | D:1      | 635 ||| UPGRADING to +0 ring mail.
   645 | D:1      | 645 ||| DROPPING +0 leather armour.
   646 | D:1      | 646 ||| UPGRADING to ring of positive energy.
   647 | D:1      | 647 ||| READING 3 scrolls of identify.
   647 | D:1      | 647 ||| IDENTIFYING cyan potion
   648 | D:1      | 648 ||| READING 2 scrolls of identify.
   648 | D:1      | 648 ||| IDENTIFYING bubbling sapphire potion
   649 | D:1      | 649 ||| DROPPING scroll of poison.
   650 | D:1      | 650 ||| DROPPING potion of degeneration.
   687 | D:2      | Reached XP level 3. HP: 21/21 MP: 4/4
  1082 | D:2      | Found a glowing silver altar of Zin.
  1694 | D:2      | 1694 ||| READING scroll labelled URAOFYD SATALY.
  1695 | D:2      | 1695 ||| READING 3 scrolls of identify.
  1695 | D:2      | 1695 ||| IDENTIFYING lumpy brown potion
  1696 | D:2      | 1696 ||| READING 2 scrolls of identify.
  1696 | D:2      | 1696 ||| IDENTIFYING bubbling amethyst potion
  1697 | D:2      | 1697 ||| DROPPING potion of lignification.
  1744 | D:3      | Reached XP level 4. HP: 26/26 MP: 5/5
  1749 | D:3      | 1749 ||| STAIRDANCE
  1791 | D:3      | 1791 ||| STAIRDANCE
  1799 | D:2      | Reached skill level 4 in Ranged Weapons
  1849 | D:3      | Reached skill level 1 in Armour
  2070 | D:3      | HP: 6/26 [something (3)]
  2071 | D:3      | 2071 ||| DRINKING potion of heal wounds.
  2077 | D:3      | HP: 6/26 [something/magic dart (4)]
  2077 | D:3      | Slain by an orc

Levels and vault maps discovered:
D:1:      saegor_arrival_simple_c, layout_loops_ring, serial_shops,
          nicolae_shop_rolled_up, shop, nicolae_shop_mannequins
D:2:      layout_basic, basic_altar
D:3:      layout_basic, tso_metal_star, lemuel_crystal_altar,
          minmay_misc_feat_iff, minmay_pentomino_pile

Skill      XL: |  1  2  3  4 |
---------------+-------------+-----
Ranged Weapons | 3 4 |  4.1
Fighting       | 2 |  2.0
Armour         | 1 |  1.6
Dodging        | |  1.5
Spellcasting   | |  1.0
Hexes          | |  2.6

Action                     |  1- 3 |  4- 6 || total
---------------------------+-------+-------++-------
   Fire: Sling             |   135 |    77 ||   212
    Use: Scroll            |     5 |       ||     5
         Potion            |       |     1 ||     1
 Armour: Robe              |    11 |       ||    11
         Ring mail         |    19 |    54 ||    73
  Dodge: Dodged            |    43 |    64 ||   107

Table legend:
 A = Non-vault XP
 B = Vault XP
 C = Vault XP percentage of total XP
 D = Non-vault monster count
 E = Vault monster count
 F = Vault count percentage of total count
                 A         B        C        D         E       F
            +---------+---------+-------+---------+---------+-------
      Total |     180 |       9 |   4.8 |      48 |       4 |   7.7
            +---------+---------+-------+---------+---------+-------
        D:1 |      32 |       0 |   0.0 |      18 |       0 |   0.0
        D:2 |      49 |       7 |  12.5 |      20 |       3 |  13.0
        D:3 |      99 |       2 |   2.0 |      10 |       1 |   9.1
            +---------+---------+-------+---------+---------+-------
